 Dungeon Crawl Stone Soup version 0.23.0-3-gf3c87f2df8 (webtiles) character file.

Game seed: 11265390210373523475

33832 Kisielow the Cleaver (level 13, -7/116 HPs)
             Began as a Minotaur Fighter on Feb 25, 2019.
             Was a High Priest of Okawaru.
             Splashed by an oklob plant's acid (14 damage)
             ... on level 2 of the Lair of Beasts.
             The game lasted 00:33:31 (15176 turns).

Kisielow the Cleaver (Minotaur Fighter)            Turns: 15176, Time: 00:33:32

Health: -7/116     AC:  9    Str: 26    XL:     13   Next: 38%
Magic:  17/17      EV:  9    Int:  5    God:    Okawaru [*****.]
Gold:   1025       SH: 13    Dex: 13    Spells: 12/12 levels left

rFire    . . .     SeeInvis .   I - +3 broad axe (flame)
rCold    + . .     Gourm    .   c - +0 shield
rNeg     . . .     Faith    .   B - +4 scale mail of Qabrer {Dex+3}
rPois    .         Spirit   .   (helmet restricted)
rElec    .         Reflect  .   y - +2 cloak {MR+}
rCorr    .         Harm     .   A - +1 pair of gloves
MR       ++...                  r - +1 pair of boots
Stlth    +.........             (no amulet)
HPRegen  0.29/turn              t - ring of protection from magic
MPRegen  0.15/turn              p - +4 ring of slaying

@: corroded, hasted, very quick
A: retaliatory headbutt, horns 2, camouflage 1, cold resistance 1
a: Heroism, Finesse, Renounce Religion


You were on level 2 of the Lair of Beasts.
You worshipped Okawaru.
Okawaru was extremely pleased with you.
You were not hungry.

You visited 3 branches of the dungeon, and saw 14 of its levels.

You collected 1025 gold pieces.

Inventory:

Hand Weapons
 I - a +3 broad axe of flaming (weapon)
Armour
 c - a +0 shield (worn)
 r - a +1 pair of boots (worn)
 y - a +2 cloak of magic resistance (worn)
 A - a +1 pair of gloves (worn)
 B - the +4 scale mail of Qabrer (worn) {Dex+3}
   (You found it on level 10 of the Dungeon)

   It affects your dexterity (+3).
Jewellery
 p - a +4 ring of slaying (right hand)
 t - a ring of protection from magic (left hand)
 z - an uncursed ring of resist corrosion
 E - an uncursed ring of protection from fire
 H - a +3 ring of protection
Wands
 a - a wand of polymorph (9)
 h - a wand of scattershot (5)
 u - a wand of random effects (22)
 D - a wand of iceblast (16)
 K - a wand of digging (6)
Scrolls
 b - a scroll of magic mapping
 e - 5 scrolls of teleportation
 g - 6 scrolls of remove curse
 j - a scroll of blinking
 k - 3 scrolls of fear
 m - 2 scrolls of enchant armour
 o - 3 scrolls of identify
 q - 3 scrolls of fog
 w - a scroll of enchant weapon
Potions
 d - 4 potions of might
 l - 2 potions of curing
 s - 7 potions of flight
 v - 2 potions of ambrosia
Miscellaneous
 x - a lightning rod (2/4)
Comestibles
 f - 23 rations


   Skills:
 + Level 11.2 Fighting
 * Level 14.5 Axes
 + Level 11.2 Armour
 + Level 11.1 Shields
 - Level 7.0 Invocations
 - Level 7.0 Evocations


You had 12 spell levels left.
You didn't know any spells.
Your spell library contained the following spells:

 Spells                   Type           Power        Failure   Level  Hunger
 Animate Skeleton         Necr           N/A          86%         1    ##.....
 Pain                     Necr           #...         86%         1    ##.....
 Shock                    Conj/Air       #...         86%         1    ##.....
 Swiftness                Chrm/Air       #.......     95%         2    ###....
 Regeneration             Chrm/Necr      #.........   99%         3    ####...
 Static Discharge         Conj/Air       #.......     99%         3    ####...
 Vampiric Draining        Necr           #.........   99%         3    ####...
 Airstrike                Air            #.........   100%        4    #####..
 Animate Dead             Necr           N/A          100%        4    #####..
 Lightning Bolt           Conj/Air       #.........   100%        5    ######.


Dungeon Overview and Level Annotations

Branches:
Dungeon (11/15)            Temple (1/1) D:6            Lair (2/6) D:10
  Snake (0/4) Lair:2          Orc (0/2) D:11
  Swamp: Lair:2-4    Shoals: Lair:2-4

Altars:
Ashenzari
Cheibriados
Dithmenos
Elyvilon
Fedhas
Gozag
Hepliaklqana
Kikubaaqudgha
Makhleb
Nemelex Xobeh
Okawaru
Qazlal
Ru
Sif Muna
Trog
Uskayaw
Vehumet
Wu Jian
Xom
Yredelemnul
Zin
The Shining One
Beogh

Shops:
D:6 [

Portals:
Trove: D:10 (give +3 storm dragon scales)

Annotations:
Lair:2 exclusion: 3 oklob plants


Innate Abilities, Weirdness & Mutations

You reflexively headbutt those who attack you in melee.
You have a pair of horns on your head.
Your skin changes colour to match your surroundings (Stealth+).
Your flesh is cold resistant. (rC+)


Message History

The oklob plant spits acid at you. The splash of acid hits you!
The acid corrodes you!
You are splashed with acid!
The oklob plant spits acid at you. The splash of acid hits you.
The acid corrodes you!
You are splashed with acid!
The oklob plant spits acid at you. The splash of acid hits you!
The acid corrodes you!
You are splashed with acid!
The oklob plant spits acid at you. The splash of acid hits you.
The acid corrodes you!
You are splashed with acid!
* * * LOW HITPOINT WARNING * * *
The oklob plant spits acid at you. The splash of acid hits you.
* * * LOW HITPOINT WARNING * * *
You are splashed with acid!
* * * LOW HITPOINT WARNING * * *
You feel yourself speed up. The oklob plant spits acid at you.
The splash of acid hits you!
* * * LOW HITPOINT WARNING * * *
The acid corrodes you!
You are splashed with acid!
You die...

#....# #.....#.....
#....# #⌠.>..+...⌠.
##...# #...........
##...# ##.⌠.##.###.
#....# #..###.....
##...#####...####...
#######....P.##...###....
#$)..P............##.....
#?..$?..@.........#..#...
#?..|.......###......#.⌠.
#P.$P.P...### #....#.....
#..}......# #..........
#######...# #...###....
##...# #...# ##+#+
#....#####...###....
##....##.#....#####.
#......#.....# #.


You could see 3 oklob plants.

Vanquished Creatures
  2 hydras (Lair:2)
  The ghost of SquishyGarg the Grappler, a journeyman GrFi of Cheibriados (Lair:1)
  Fannar (Lair:1)
  Erolcha (D:9)
  Erica (D:8)
  Sonja (D:10)
  2 ugly things (D:11)
  The ghost of P0WERM0DE the Timeless, a novice DsFi of Cheibriados (D:6)
  An oklob plant (Lair:2)
  Maurice (D:10)
  Joseph (D:8)
  2 spiny frogs
  2 komodo dragons
  A kobold demonologist (D:11)
  A rime drake (Lair:2)
  A queen bee (D:6)
  2 hornets
  A troll (D:10)
  Grinder (D:3)
  6 hippogriffs
  3 blink frogs (Lair:2)
  3 spriggans (Lair:1)
  Sigmund (D:3)
  A wraith (D:11)
  A yak (Lair:2)
  The ghost of sentinel the Ruffian, an amateur TrFE (D:3)
  Eustachio (D:6)
  A basilisk (Lair:1)
  4 hogs (D:7)
  2 hungry ghosts
  2 vampire mosquitoes (D:9)
  A human (D:7)
  Edmund (D:5)
  An acid dragon (shapeshifter) (D:10)
  2 water moccasins
  3 porcupines (Lair:2)
  6 orc warriors
  2 sky beasts
  4 phantoms
  An ice beast (D:11)
  A necrophage (D:9)
  A black bear (D:7)
  An eye of draining (D:11)
  6 ogres
  5 wolves
  4 crocodiles
  8 centaurs
  A big kobold (D:11)
  Blork the orc (D:5)
  10 bullfrogs
  A wyvern skeleton (D:11)
  A troll zombie (D:11)
  4 scorpions
  13 killer bees
  4 wights (D:8)
  An electric eel (D:10)
  2 howler monkeys
  6 crimson imps
  6 jellies
  Crazy Yiuf (D:6)
  2 centaur zombies
  7 hounds
  10 orc priests
  6 orc wizards
  3 bullfrog skeletons
  3 iguanas
  Terence (D:3)
  9 worker ants
  A killer bee zombie (D:8)
  5 ogre zombies (D:11)
  2 hound zombies
  A howler monkey zombie (D:9)
  A worker ant zombie (D:9)
  7 gnolls
  19 adders
  2 shadow imps
  3 oozes
  An adder skeleton (D:9)
  An adder zombie (D:5)
  2 worms (D:2)
  3 dart slugs
  9 leopard geckos
  41 orcs
  7 ball pythons
  5 giant cockroaches
  8 hobgoblins
  9 jackals
  7 quokkas
  8 bats
  8 frilled lizards
  13 goblins
  2 goblin zombies (D:11)
  2 hobgoblin zombies (D:11)
  A jackal zombie (D:5)
  9 kobolds
  An orc skeleton (D:11)
  14 orc zombies (D:11)
  3 quokka skeletons
  3 rats
  3 plants (Lair:2)
390 creatures vanquished.

Vanquished Creatures (others)
  An orc (D:3)
  A fungus (Lair:1)
  6 plants
8 creatures vanquished.

Grand Total: 398 creatures vanquished

Notes
Turn   | Place    | Note
-------+----------+-------------------------------------------
     0 | D:1      | Kisielow the Minotaur Fighter began the quest for the Orb.
     0 | D:1      | Reached XP level 1. HP: 19/19 MP: 0/0
   456 | D:1      | Reached XP level 2. HP: 25/27 MP: 1/1
   513 | D:1      | Reached skill level 3 in Axes
   843 | D:2      | Found a shadowy altar of Dithmenos.
   916 | D:2      | Reached XP level 3. HP: 30/33 MP: 2/2
  1523 | D:2      | Reached XP level 4. HP: 33/40 MP: 3/3
  1667 | D:2      | Reached skill level 4 in Axes
  1706 | D:2      | Found a glowing silver altar of Zin.
  1902 | D:2      | Found a hide-covered altar of Uskayaw.
  1952 | D:2      | Found a snail-covered altar of Cheibriados.
  1954 | D:2      | Reached XP level 5. HP: 47/47 MP: 4/4
  2088 | D:3      | Noticed Sigmund
  2098 | D:3      | Killed Sigmund
  2098 | D:3      | Reached skill level 5 in Fighting
  2098 | D:3      | Reached skill level 5 in Axes
  2098 | D:3      | Reached XP level 6. HP: 36/56 MP: 5/5
  2268 | D:3      | Noticed Grinder
  2279 | D:3      | Paralysed by Grinder for 7 turns
  2290 | D:3      | Killed Grinder
  2290 | D:3      | Reached skill level 6 in Axes
  2290 | D:3      | Reached skill level 5 in Armour
  2290 | D:3      | Reached skill level 5 in Shields
  2290 | D:3      | Reached XP level 7. HP: 56/61 MP: 6/6
  2293 | D:3      | Noticed Terence
  2303 | D:3      | Killed Terence
  2315 | D:3      | Found a runed translucent gate.
  2316 | D:3      | Found a runed translucent gate.
  2318 | D:3      | Noticed sentinel's ghost (amateur TrFE)
  2319 | D:3      | Found a runed translucent gate.
  2384 | D:3      | Found a stormy altar of Qazlal.
  2717 | D:3      | Found a burning altar of Makhleb.
  2802 | D:3      | Found a stormy altar of Qazlal.
  3325 | D:4      | Reached skill level 7 in Axes
  3608 | D:4      | Found a blossoming altar of Fedhas.
  3616 | D:4      | Gained mutation: Your flesh is cold resistant. (rC+)
                  | [potion of mutation]
  3616 | D:4      | Gained mutation: Your skin changes colour to match your
                  | surroundings (Stealth+). [potion of mutation]
  3983 | D:5      | Entered Level 5 of the Dungeon
  4057 | D:5      | Noticed Blork the orc
  4065 | D:5      | Killed Blork the orc
  4065 | D:5      | Reached XP level 8. HP: 70/70 MP: 7/7
  4411 | D:5      | Found a hazy altar of Hepliaklqana.
  4444 | D:5      | Reached skill level 8 in Axes
  5009 | D:5      | Noticed Edmund
  5034 | D:5      | Killed Edmund
  5512 | D:6      | Found a white marble altar of Elyvilon.
  5618 | D:6      | Found Holl's Antique Armour Shoppe.
  5627 | D:6      | Noticed Eustachio
  5651 | D:6      | Killed Eustachio
  5651 | D:6      | Reached skill level 9 in Axes
  5805 | D:6      | Found a transporter.
  5809 | D:6      | Found a transporter.
  5811 | D:6      | Noticed P0WERM0DE's ghost (novice DsFi)
  5820 | D:6      | Noticed a queen bee
  5892 | D:6      | Found a staircase to the Ecumenical Temple.
  5930 | Temple   | Entered the Ecumenical Temple
  6098 | Temple   | Became a worshipper of Warmaster Okawaru
  6243 | D:6      | Noticed a hornet
  6324 | D:6      | Found a runed translucent door.
  6325 | D:6      | Noticed Crazy Yiuf
  6382 | D:6      | Paralysed by Crazy Yiuf for 4 turns
  6386 | D:6      | Killed Crazy Yiuf
  6585 | D:3      | Killed sentinel's ghost
  6585 | D:3      | Reached XP level 9. HP: 63/79 MP: 8/8
  6990 | D:7      | Found a transporter.
  6990 | D:7      | Found a transporter.
  6994 | D:7      | Found a roughly hewn altar of Beogh.
  7056 | D:7      | Reached * piety under Okawaru
  7135 | D:7      | Reached skill level 10 in Axes
  7254 | D:7      | Reached ** piety under Okawaru
  7368 | D:7      | Found a bloodstained altar of Trog.
  7477 | D:8      | Noticed Erica
  7489 | D:8      | Killed Erica
  7489 | D:8      | Reached *** piety under Okawaru
  7489 | D:8      | Reached skill level 11 in Axes
  7489 | D:8      | Reached XP level 10. HP: 56/90 MP: 9/9
  7749 | D:8      | Noticed Joseph
  7765 | D:8      | Killed Joseph
  7945 | D:8      | Found a sacrificial altar of Ru.
  7963 | D:8      | Reached **** piety under Okawaru
  8472 | D:9      | Noticed Erolcha
  8477 | D:9      | Killed Erolcha
  8667 | D:9      | Reached ***** piety under Okawaru
  8840 | D:9      | Found a shadowy altar of Dithmenos.
  8885 | D:10     | Entered Level 10 of the Dungeon
  8905 | D:10     | Noticed Sonja
  8912 | D:10     | Killed Sonja
  9013 | D:10     | Reached XP level 11. HP: 32/97 MP: 13/13
  9337 | D:10     | Reached skill level 5 in Evocations
  9609 | D:10     | Found a staircase to the Lair.
  9786 | D:10     | Noticed Maurice
  9800 | D:10     | Killed Maurice
  9851 | D:10     | Found a portal to a secret trove of treasure.
 10073 | D:10     | Paralysed by a hornet for 1 turns
 10469 | D:10     | Got a jewelled scale mail
 10480 | D:10     | Identified the +4 scale mail of Qabrer {Dex+3} (You found
                  | it on level 10 of the Dungeon)
 10686 | D:10     | Received a gift from Okawaru
 10815 | D:11     | Noticed a red ugly thing
 10824 | D:11     | Reached skill level 5 in Invocations
 10828 | D:11     | Killed a red ugly thing
 11177 | D:11     | Found a staircase to the Orcish Mines.
 11517 | D:11     | Noticed a brown ugly thing
 11528 | D:11     | Killed a brown ugly thing
 11528 | D:11     | Reached skill level 12 in Axes
 12170 | Lair:1   | Entered Level 1 of the Lair of Beasts
 12451 | Lair:1   | Noticed Fannar
 12469 | Lair:1   | Killed Fannar
 12900 | Lair:1   | Found a runed translucent door.
 12900 | Lair:1   | Identified the +3 trident "Pasmorho" {pierce, +Blink +Rage}
 12901 | Lair:1   | Noticed SquishyGarg's ghost (journeyman GrFi)
 13086 | Lair:1   | Reached XP level 12. HP: 90/106 MP: 16/16
 13093 | Lair:1   | Killed SquishyGarg's ghost
 13094 | Lair:1   | Received a gift from Okawaru
 13369 | Lair:1   | Reached skill level 10 in Fighting
 13369 | Lair:1   | Reached skill level 13 in Axes
 13369 | Lair:1   | Reached skill level 10 in Armour
 13369 | Lair:1   | Reached skill level 10 in Shields
 13369 | Lair:1   | Reached XP level 13. HP: 114/114 MP: 17/17
 13594 | D:6      | Killed P0WERM0DE's ghost
 13594 | D:6      | Reached skill level 14 in Axes
 13781 | D:7      | Received a gift from Okawaru
 13784 | D:7      | Got a warped dagger {god gift}
 13853 | D:7      | Identified the +8 dagger of Might {chaos, *Rage +Inv rF+
                  | Int+6} (Okawaru gifted it to you on level 7 of the Dungeon)
 14321 | Lair:2   | Found a staircase to the Snake Pit.
 15176 | Lair:2   | Splashed by an oklob plant's acid

Skill      XL: |  1  2  3  4  5  6  7  8  9 10 11 12 13 |
---------------+----------------------------------------+-----
Axes           | 3 4 5 6 7 9 11 12 13 14 | 14.5
Fighting       | 4 5 6 7 8 9 10 11 | 11.2
Armour         | 4 5 6 7 8 9 10 11 | 11.2
Shields        | 4 5 6 7 8 9 10 11 | 11.1
Invocations    | 3 7 |  7.0
Evocations     | 4 7 |  7.0

Action                   |  1- 3 |  4- 6 |  7- 9 | 10-12 | 13-15 || total
-------------------------+-------+-------+-------+-------+-------++-------
Melee: War axe           |    67 |    88 |   324 |   319 |       ||   798
       Headbutt          |     6 |    18 |    58 |   113 |    25 ||   220
       Broad axe         |       |       |       |   200 |    83 ||   283
Invok: Heroism           |       |       |       |       |     2 ||     2
       Finesse           |       |       |       |       |     1 ||     1
Evoke: Lightning rod     |       |       |       |     5 |     3 ||     8
  Use: Scroll            |       |       |    16 |     9 |     4 ||    29
       Potion            |       |       |     1 |     8 |     7 ||    16
 Stab: Paralysed         |       |       |       |     1 |       ||     1
  Eat: Chunk             |     2 |     3 |    16 |    19 |     3 ||    43
       Ration            |       |       |       |     1 |     1 ||     2
Armor: Scale mail        |    38 |    22 |       |    77 |    46 ||   183
       Chain mail        |       |    22 |    74 |       |       ||    96
       Plate armour      |       |       |   121 |   170 |       ||   291
Dodge: Dodged            |    19 |    23 |    66 |   117 |    29 ||   254
Block: Shield            |    42 |    46 |   172 |   306 |    52 ||   618
